AoeStats
← † BigMakh †

Lombardia

508285440Analyzed
3v3 RM · 10d ago on Sep 21, 2026· 76m 33s· 6 players
Game mode
Random Map
Map size
Normal (6 player)
Population
200
Speed
Normal
Resources
Standard
Victory
Conquest
Starting age
Dark Age
Ending age
Imperial Age
RankedLock teamsTeams togetherTeam positionsShared explorationLock speedFull tech treeHidden civsTurbo modeCheats
Victory
Defeat
🇫🇷 Aztecs · France
1023
+15
🇸🇦 Saracens · Saudi Arabia
995
+16
🇱🇧 Poles · Lebanon
919
+20
🇳🇱 Malay · Netherlands
1023
-18
🇫🇷 Chinese · France
1003
-17
🇫🇷 Turks · France
974
-16
LeCissé
0:45 Loom
12:12 Feudal Age
16:51 Castle Age
15:25 Double-Bit Axe
16:01 Gold Mining
15:57 Horse Collar
17:55 Fletching
18:32 Bow Saw
21:46 Bodkin Arrow
23:12 Wheelbarrow
26:07 Padded Archer Armor
27:09 Ballistics
32:02 Imperial Age
31:15 Gold Shaft Mining
32:05 Thumb Ring
33:05 Bracer
33:48 Heavy Plow
35:56 Conscription
37:25 Scale Barding Armor
37:48 Hand Cart
38:40 Bloodlines
39:26 Town Watch
39:33 Town Watch
40:15 Chain Barding Armor
42:19 Cavalier
43:40 Plate Barding Armor
47:42 Forging
68:16 Caravan
69:46 Light Cavalry
70:27 Husbandry
74:05 Iron Casting
Boba Fett
13:02 Feudal Age
13:40 Horse Collar
13:47 Double-Bit Axe
17:03 Padded Archer Armor
16:53 Fletching
19:51 Gold Mining
19:52 Stone Mining
21:29 Wheelbarrow
23:34 Castle Age
23:08 Arson
23:13 Town Watch
23:13 Loom
25:04 Bow Saw
24:55 Heavy Plow
25:41 Gold Shaft Mining
24:41 Crossbowman
26:28 Thumb Ring
27:35 Caravan
28:06 Coinage
28:43 Ballistics
28:56 Hand Cart
29:02 Hand Cart
28:54 Bodkin Arrow
29:10 Treadmill Crane
29:58 Town Patrol
30:20 Leather Archer Armor
30:52 Masonry
30:38 Murder Holes
32:23 Hand Cart
33:17 Fortified Wall
32:59 Guard Tower
35:50 Imperial Age
33:22 Town Patrol
38:01 Two-Man Saw
38:02 Ring Archer Armor
38:06 Parthian Tactics
38:24 Banking
38:04 Guilds
38:53 Bracer
40:27 Architecture
40:25 Arrowslits
42:10 Heavy Cavalry Archer
46:05 Sipahi
Nyssa
5:08 Loom
11:06 Feudal Age
16:05 Castle Age
14:06 Double-Bit Axe
14:28 Horse Collar
16:27 Bow Saw
19:28 Town Watch
22:57 Bow Saw
25:12 Scale Barding Armor
26:12 Husbandry
29:13 Wheelbarrow
30:43 Hand Cart
30:57 Fletching
31:50 Forging
31:36 Bodkin Arrow
33:48 Heavy Plow
35:02 Iron Casting
35:54 Arson
36:09 Squires
39:24 Imperial Age
36:56 Town Patrol
38:52 Ballistics
38:43 Masonry
38:13 Treadmill Crane
39:30 Crop Rotation
38:59 Gold Mining
39:00 Stone Mining
40:22 Blast Furnace
40:56 Chemistry
39:56 Murder Holes
40:30 Conscription
42:04 Gold Shaft Mining
42:04 Stone Shaft Mining
41:19 Elite Karambit Warrior
43:26 Bracer
47:07 Elite Battle Elephant
48:07 Forced Levy
47:31 Man-at-Arms
51:36 Long Swordsman
52:19 Two-Handed Swordsman
63:53 Caravan
Jackou75
10:37 Feudal Age
11:17 Double-Bit Axe
20:25 Castle Age
19:47 Gold Mining
19:48 Stone Mining
20:37 Horse Collar
21:51 Pikeman
22:58 Bow Saw
23:03 Scale Mail Armor
26:34 Wheelbarrow
27:48 Fletching
28:47 Eagle Warrior
30:55 Squires
34:41 Imperial Age
33:48 Hand Cart
33:58 Forging
34:42 Chain Mail Armor
34:58 Elite Eagle Warrior
38:07 Garland Wars
39:17 Plate Mail Armor
38:51 Gambesons
38:52 Arson
39:59 Heavy Plow
41:11 Iron Casting
41:13 Onager
43:45 Blast Furnace
43:49 Bodkin Arrow
43:55 Padded Archer Armor
43:34 Siege Onager
46:15 Conscription
45:40 Elite Jaguar Warrior
48:44 Caravan
48:55 Bracer
50:39 Chemistry
49:49 Siege Engineers
50:16 Murder Holes
51:32 Leather Archer Armor
60:40 Heated Shot
61:11 Ballistics
76:07 Fortified Wall
76:53 Crop Rotation
† Mo_5_tar †
14:24 Feudal Age
14:55 Double-Bit Axe
18:15 Bloodlines
22:40 Scale Barding Armor
22:46 Forging
25:30 Horse Collar
25:46 Gold Mining
28:16 Castle Age
28:58 Light Cavalry
31:31 Chain Barding Armor
31:47 Iron Casting
36:20 Imperial Age
35:50 Heavy Plow
36:30 Winged Hussar
39:19 Blast Furnace
40:30 Crop Rotation
45:32 Conscription
† BigMakh †
11:23 Feudal Age
11:48 Horse Collar
11:54 Double-Bit Axe
13:31 Loom
20:34 Castle Age
19:05 Stone Mining
19:06 Gold Mining
20:02 Forging
24:41 Wheelbarrow
30:38 Imperial Age
30:27 Iron Casting
30:59 Scale Barding Armor
31:05 Fletching
31:15 Padded Archer Armor
31:21 Heavy Plow
31:52 Elite Skirmisher
33:14 Bow Saw
33:39 Conscription
35:32 Chemistry
35:02 Bodkin Arrow
35:23 Leather Archer Armor
37:38 Ballistics
38:26 Hand Cart
38:00 Elite Mameluke
40:11 Blast Furnace
41:08 Caravan
41:51 Bracer
45:45 Ring Archer Armor
48:11 Gold Shaft Mining
48:21 Chain Barding Armor
54:18 Siege Engineers
61:33 Two-Man Saw
Connection lost

Rejoining the realm…

Still unreachable

The connection could not be restored.

Session expired

The server has moved on; the page needs a fresh start.